 Dungeon Crawl Stone Soup version 0.32-a0-589-g2d1f746d5d (webtiles) character file.

Game seed: 2122570347566542596

789 Goblin1989 the Ruffian (level 7, 0/59 HPs)
             Began as a Purple Draconian Shapeshifter on Mar 2, 2024.
             Slain by a yak (9 damage)
             ... on level 5 of the Dungeon.
             The game lasted 00:07:24 (4127 turns).

Goblin1989 the Ruffian (DrSh)                       Turns: 4127, Time: 00:07:25

Health: 0/59       AC:  6    Str: 17    XL:     7   Next: 56%
Magic:  7/7        EV: 12    Int: 12    God:
Gold:   143        SH:  0    Dex: 10    Spells: 6/6 levels left

rFire   . .          .
                       - Unarmed
rCold   . . .        (no shield)
rNeg    . . .        (body armour unavailable)
rPois   .            (helmet currently unavailable)
rElec   .            (cloak currently unavailable)
rCorr   .            (gloves currently unavailable)
SInv    .            (boots currently unavailable)
Will    +....        (no amulet)
Stlth   +            (no ring)
HPRegen 0.29/turn    (no ring)
MPRegen 0.10/turn

%: no passive effects
@: beast-form
A: beast (slay +2), nullifying breath, AC +6, unfitting armour, cold-blooded
a: Nullifying Breath, Begin Untransformation


You were on level 5 of the Dungeon.
You were a hulking beast.
You visited 1 branch of the dungeon, and saw 5 of its levels.

You collected 143 gold pieces.

Inventory:

Hand Weapons
 g - a +1 short sword of draining
 r - a +2 whip of venom
Missiles
 e - 18 poisoned darts (quivered)
 j - a throwing net {!d , @Q1}
 p - 9 boomerangs {@Q3}
 s - 3 curare-tipped darts
Armour
 v - a +0 pair of gloves
Magical Staves
 l - a staff of air
Jewellery
 x - a ring of flight
Talismans
 b - a beast talisman (active)
 c - a flux talisman
Scrolls
 f - 2 scrolls of poison {unknown}
 h - 4 scrolls of identify {@r1}
 k - a scroll of blinking {unknown}
 n - 2 scrolls of immolation {unknown}
 o - a scroll of enchant weapon {unknown}
 t - 2 scrolls of noise {unknown}
 w - a scroll of revelation {unknown}
 y - a scroll of teleportation {unknown}
 z - a scroll of amnesia {unknown}
Potions
 a - 5 potions of lignification
 m - a potion of attraction
 q - a potion of curing {@q1}


   Skills:
 + Level 4.0 Fighting
 + Level 1.3 Throwing
 + Level 3.7 Dodging
 * Level 6.0 Unarmed Combat
 + Level 4.5 Shapeshifting


You had 6 spell levels left.
You didn't know any spells.
Your spell library contained the following spells:

 Spells                   Type           Power      Damage    Failure   Level
 Freeze                   Ice            0%         1d3       32%         1
 Lesser Beckoning         Tloc           0%         N/A       45%         2
 Frozen Ramparts          Ice            0%         1d1       69%         3
 Gell's Gravitas          Tloc           0%         N/A       69%         3
 Hailstorm                Conj/Ice       0%         3d5       69%         3
 Teleport Other           Tloc           0%         N/A       69%         3
 Manifold Assault         Tloc           0%         N/A       97%         4
 Dispersal                Tloc           0%         N/A       100%        6
 Disjunction              Tloc           0%         N/A       100%        8


Dungeon Overview and Level Annotations

Branches:
Dungeon (5/15) Zot: 25908
 Temple: D:4-7

Altars:
Ashenzari
Sif Muna

Portals:
Sewer: D:5

Annotations:
D:2 1 runed translucent door, Crazy Yiuf
D:4 Edmund


Innate Abilities, Weirdness & Mutations

You are a hulking beast.
Your limbs bulge with bestial killing power. (Slay +2)
You can breathe blasts of antimagic.
Your rich purple scales are hard. (AC +6)
You cannot fit into any form of body armour.
You are cold-blooded and may be slowed by cold attacks.


Message History

q - a potion of curing
As you read the scroll labelled WUD SIGRACEA, it crumbles to dust.
A profound silence engulfs you.
It was a scroll of silence.
Found a stone staircase leading up.
Found a glowing drain. 3 giant cockroaches come into view.
The giant cockroach closely misses you.
The giant cockroach attacks as it pursues you!
The giant cockroach barely misses you.
You completely miss the giant cockroach.
The giant cockroach bites you but does no damage.
You hit the giant cockroach.
The giant cockroach is almost dead.
The giant cockroach bites you but does no damage.
You punch the giant cockroach!
You kill the giant cockroach!
You barely miss the giant cockroach. The giant cockroach misses you.
You hit the giant cockroach.
The giant cockroach is almost dead.
The giant cockroach bites you but does no damage.
You punch the giant cockroach!
You kill the giant cockroach!
You punch the giant cockroach!
You kill the giant cockroach!
No target in view!
No target in view!
No target in view!
No target in view!
No target in view!
No target in view!
No target in view!
No target in view!
No target in view!
No target in view!
No target in view!
No target in view!
No target in view!
No target in view!
No target in view!
No target in view!
No target in view!
No target in view!
No target in view!
Things that are here:
a giant cockroach corpse; a giant cockroach corpse You enter the shallow water.
Moving in this stuff is going to be slow.
A giant cockroach comes into view.
Found 11 gold pieces.
A yak comes into view. x2
A yak comes into view.
Found 9 gold pieces.
The giant cockroach closely misses you. The giant cockroach bites you.
There is a glowing drain here.
You take 1 damage, and have 58/59 hp.
You enter the shallow water.
Moving in this stuff is going to be slow.
The giant cockroach attacks as it pursues you!
The giant cockroach bites you but does no damage.
Your hearing returns.
The yak attacks as it pursues you! The yak gores you!
You take 12 damage, and have 46/59 hp.
MASSIVE DAMAGE!!
The yak attacks as it pursues you! The yak gores you!
The yak attacks as it pursues you!
The yak gores you but does no damage. x2
The yak closely misses you.
You take 14 damage, and have 32/59 hp.
MASSIVE DAMAGE!!
The yak attacks as it pursues you! The yak barely misses you.
Things that are here:
a giant cockroach corpse; a giant cockroach corpse It was a potion of magic.
Magic courses through your body. The yak closely misses you.
Unknown command.
You hit the yak but do no damage. The yak completely misses you.
You punch the yak!
Your tail-slap misses the yak.
The yak is moderately wounded.
The yak gores you.
You take 4 damage, and have 30/59 hp.
You hit the yak.
The yak is heavily wounded.
The yak gores you.
You take 1 damage, and have 29/59 hp.
You hit the yak.
The yak is heavily wounded.
The yak gores you.
* * * LOW HITPOINT WARNING * * *
You take 3 damage, and have 26/59 hp.
You hit the yak.
The yak is heavily wounded.
The yak gores you.
* * * LOW HITPOINT WARNING * * *
You take 6 damage, and have 20/59 hp.
You hit the yak.
The yak is severely wounded.
The yak gores you!
* * * LOW HITPOINT WARNING * * *
You take 11 damage, and have 9/59 hp.
You hit the yak.
Your tail-slap misses the yak.
The yak is almost dead.
The yak gores you!
You die...

.......<..█ .█
..........█ ..█
..........█ ██...█
..........████.....█
.........██......>.█
............<█
█.........████
███....███ █...███h█
..█████Y████
██..YYB..██
██..█...█..██
█...~~~~~...█
█.█~~~~~~~█.██
$█..~~~~~~~~...
....~~~∩~~~...█
.█.~~~~~~~~~.██


You could see 3 yaks and a giant cockroach.

Vanquished Creatures
  Grinder (D:3)
  2 ogres (D:4)
  Blork the orc (D:4)
  A bombardier beetle (D:4)
  A hound (D:4)
  A jelly (D:4)
  2 iguanas (D:4)
  Jessica (D:2)
  Robin (D:2)
  8 adders
  2 ufetubi (D:4)
  2 ribbon worms
  3 dart slugs
  11 orcs
  6 endoplasms
  6 giant cockroaches
  17 goblins
  8 hobgoblins
  2 jackals (D:2)
  3 quokkas
  4 ball pythons (D:4)
  4 bats
  3 frilled lizards
  7 kobolds
  2 rats
99 creatures vanquished.

Notes
Turn   | Place    | Note
-------+----------+-------------------------------------------
     0 | D:1      | Goblin1989 the Draconian Shapeshifter began the quest for
                  | the Orb.
     0 | D:1      | Reached XP level 1. HP: 16/16 MP: 1/1
   234 | D:1      | Reached XP level 2. HP: 15/22 MP: 2/2
   924 | D:2      | Reached XP level 3. HP: 25/29 MP: 3/3
   950 | D:2      | Found a broken altar of Ashenzari.
  1022 | D:2      | Noticed Jessica
  1055 | D:2      | Killed Jessica
  1056 | D:2      | Reached XP level 4. HP: 21/36 MP: 4/4
  1131 | D:2      | Reached skill level 4 in Unarmed Combat
  1176 | D:2      | Noticed Robin
  1300 | D:2      | Found a runed translucent door.
  1301 | D:2      | Noticed Crazy Yiuf
  1399 | D:2      | Killed Robin
  1579 | D:2      | Reached XP level 5. HP: 42/42 MP: 5/5
  2531 | D:3      | Found a faded altar of an unknown god.
  2596 | D:3      | Noticed Grinder
  2613 | D:3      | Killed Grinder
  2614 | D:3      | Reached skill level 5 in Unarmed Combat
  2614 | D:3      | Reached XP level 6. HP: 5/51 MP: 6/6
  2888 | D:4      | Found a shimmering blue altar of Sif Muna.
  3261 | D:4      | Noticed Edmund
  3451 | D:4      | Your scales start taking on a rich purple colour.
  3451 | D:4      | Reached XP level 7. HP: 57/57 MP: 7/7
  3680 | D:4      | Noticed Blork the orc
  3691 | D:4      | Killed Blork the orc
  3742 | D:4      | Reached skill level 1 in Throwing
  3924 | D:4      | Reached skill level 6 in Unarmed Combat
  4084 | D:5      | Entered Level 5 of the Dungeon
  4092 | D:5      | Found a glowing drain.
  4110 | D:5      | Noticed a yak
  4110 | D:5      | Noticed a yak
  4111 | D:5      | Noticed a yak
  4127 | D:5      | Slain by a yak

Illustrated notes

Levels and vault maps discovered:
D:1:      minmay_arrival_stair_chambers, layout_basic
D:2:      layout_basic, basic_altar, minivault_27, uniq_jessica,
          uniq_crazy_yiuf_cottage, uniq_robin
D:3:      layout_basic, chequers_ecumenical_altar_simple_redux, uniq_grinder
D:4:      layout_loops_cross, mainiacjoe_overflow_six_doors_small,
          minmay_misc_feat_five, uniq_edmund, uniq_blork_the_orc
D:5:      layout_cave_pods, minmay_temple_entry_metal_lava, serial_shops,
          nicolae_shop_back_alley_shop, cheibrodos_sewer_entry_drain,
          kennysheep_generic_room_4, uniq_eustachio

Skill      XL: |  1  2  3  4  5  6  7 |
---------------+----------------------+-----
Dodging        | 2 3 |  3.7
Fighting       | 2 3 4 |  4.0
Unarmed Combat | 4 5 6 |  6.0
Shapeshifting  | 4 |  4.5
Throwing       | 1 |  1.3

Action                     |  1- 3 |  4- 6 |  7- 9 || total
---------------------------+-------+-------+-------++-------
  Melee: Unarmed           |    59 |   169 |    65 ||   293
         Tailslap          |     7 |    13 |     2 ||    22
         Punch             |     1 |       |     3 ||     4
  Throw: Dart              |       |     3 |    11 ||    14
    Use: Potion            |       |     2 |     1 ||     3
         Scroll            |       |       |     2 ||     2
   Stab: Sleeping          |     2 |     2 |       ||     4
 Armour: Skin              |    26 |    92 |    41 ||   159
  Dodge: Dodged            |    21 |    78 |    44 ||   143

Table legend: (Time is in decaauts)
 A = Elapsed time spent in this place.
 B = Non-inter-level travel time spent in this place.
 C = Inter-level travel time spent in this place.
 D = Time resting spent in this place.
 E = Time spent auto-exploring this place.
 F = Levels seen in this place.
 G = Mean time per level.
                   A        B        C        D        E       F      G
               +--------+--------+--------+--------+--------+-----+--------+
         Total |   4090 |   3901 |    189 |    312 |   2894 |   5 |  818.0 |
       Dungeon |   4090 |   3901 |    189 |    312 |   2894 |   5 |  818.0 |
               +--------+--------+--------+--------+--------+-----+--------+

Top non-repeatable levels by time:
     D:4: 1161 daAuts
     D:3: 1148 daAuts
     D:2: 968 daAuts
     D:1: 767 daAuts
     D:5: 44 daAuts
